 Dungeon Crawl Stone Soup version 0.30.1-4-g462c640d31 (webtiles) character file.

Game seed: 15014174711240146830

31 Kraken2834 the Chopper (level 3, -10/33 HPs)
             Began as a Minotaur Monk on Sept 1, 2023.
             Mangled by an iguana (14 damage)
             ... on level 4 of the Dungeon.
             The game lasted 00:01:51 (944 turns).

Kraken2834 the Chopper (Minotaur Monk)               Turns: 944, Time: 00:01:51

Health: -10/33     AC:  2    Str: 17    XL:     3   Next: 7%
Magic:  2/2        EV: 13    Int:  7    God:
Gold:   25         SH:  0    Dex: 12    Spells: 2/2 levels left

rFire   . . .        a - +0 hand axe
rCold   . . .        d - orb {light}
rNeg    . . .        b - +0 robe
rPois   +            (helmet restricted)
rElec   .            (no cloak)
rCorr   .            (no gloves)
SInv    .            (no boots)
Will    .....        (no amulet)
Stlth   +            i - ring of poison resistance
HPRegen 0.25/turn    (no ring)
MPRegen 0.08/turn

%: no passive effects
@: glowing
A: horns 2, retaliatory headbutt
a: no special abilities


You were on level 4 of the Dungeon.
You visited 1 branch of the dungeon, and saw 3 of its levels.

You collected 25 gold pieces.

Inventory:

Hand Weapons
 a - a +0 hand axe (weapon)
Armour
 b - a +0 robe (worn)
 d - an orb of light (worn)
Jewellery
 i - a ring of poison resistance (left hand)
Scrolls
 j - a scroll of torment {unknown}
 m - a scroll of identify {unknown}
 n - a scroll of noise {unknown}
 o - a scroll of teleportation {unknown}
Potions
 c - a potion of ambrosia
 e - 2 potions of curing {unknown}
 f - a potion of brilliance {unknown}
 g - 2 potions of cancellation {unknown}
 h - a potion of flight {unknown}
 k - a potion of mutation {unknown}
 l - 3 potions of attraction {unknown}
 p - a potion of haste {unknown}


   Skills:
 + Level 4.0 Fighting
 + Level 4.1 Axes
 * Level 1.2 Armour
 + Level 3.6 Dodging


You had 2 spell levels left.
You didn't know any spells.
Your spell library was empty.

Dungeon Overview and Level Annotations

Branches:
Dungeon (4/15)
 Temple: D:4-7

Altars:


Innate Abilities, Weirdness & Mutations

You have a pair of horns on your head.
You reflexively headbutt those who attack you in melee.


Message History

Increase (S)trength, (I)ntelligence, or (D)exterity?
You feel stronger. x2
HP restored.
p - a puce potion You see here 4 stones.
Found a stone staircase leading down.
An iguana comes into view.
The iguana hisses angrily.
You hear an angry hiss.
A ball python comes into view.
There is a stone staircase leading down here.
Found a robe.
Found a stone staircase leading up.
The iguana bites you.
You hit the iguana.
The iguana is moderately wounded.
You hit the ball python. The ball python barely misses you.
The ball python grabs you. The ball python constricts you.
The iguana bites you. The ball python closely misses you.
The ball python constricts you.
You completely miss the ball python.
The ball python is severely wounded.
You hit the iguana but do no damage. The ball python closely misses you.
You furiously retaliate!
You headbutt the ball python!
You kill the ball python!
The iguana bites you.
You hit the iguana.
The iguana is moderately wounded.
The iguana hisses menacingly.
The iguana bites you!
You are too injured to fight recklessly!
You are too injured to fight recklessly!
You are too injured to fight recklessly!
You are too injured to fight recklessly!
You are too injured to fight recklessly!
You hit the iguana.
The iguana is heavily wounded.
The iguana bites you!
* * * LOW HITPOINT WARNING * * *
Sorry, you're not good enough to have a special ability.
The iguana attacks as you move away! The iguana bites you!
You die...

.... .... ..... .<.[.
...... # #########......
# #####.......†...... #
#.......>@l........ #
######.###########......
###..(...# #####
#...#...## ..##..###
.....## #..### ##...
######


You could see an iguana.

Vanquished Creatures
  A worm (D:4)
  3 endoplasms (D:1)
  3 giant cockroaches (D:1)
  3 hobgoblins (D:1)
  A quokka (D:1)
  3 ball pythons
  2 bats (D:1)
  2 frilled lizards (D:1)
  3 goblins (D:1)
  2 kobolds (D:1)
  4 rats (D:1)
27 creatures vanquished.

Notes
Turn   | Place    | Note
-------+----------+-------------------------------------------
     0 | D:1      | Kraken2834 the Minotaur Monk began the quest for the Orb.
     0 | D:1      | Reached XP level 1. HP: 19/19 MP: 0/0
   102 | D:1      | Found a faded altar of an unknown god.
   296 | D:1      | Reached XP level 2. HP: 27/27 MP: 1/1
   502 | D:1      | Reached skill level 1 in Armour
   886 | D:2      | You fall into a shaft and drop 2 floors!
   896 | D:4      | Reached XP level 3. HP: 28/33 MP: 2/2
   944 | D:4      | Mangled by an iguana

Illustrated notes

Levels and vault maps discovered:
D:1:      dpeg_arrival_radiant, layout_basic, ebering_ecumenical_altar_abandoned
D:2:      minmay_kobold_bridge, layout_rooms, minmay_stone_trees_small,
          uniq_natasha
D:4:      layout_rooms, nrook_campfire

Skill      XL: |  1  2 |
---------------+-------+-----
Axes           | 4 |  4.1
Armour         | 1 |  1.2
Fighting       | 4 |  4.0
Dodging        | |  3.6

Action                     || total
---------------------------++-------
  Melee: Hand axe          ||    44
         Headbutt          ||     8
 Armour: Robe              ||     5
  Dodge: Dodged            ||    25
